AoeStats
← Roman O'Cry

Arena

504212676Analyzed
4v4 RM · 27d ago on Sep 4, 2026· 42m 46s· 8 players
Game mode
Random Map
Map size
Large (8 player)
Population
200
Speed
Normal
Resources
Standard
Victory
Conquest
Starting age
Dark Age
Ending age
Imperial Age
RankedLock teamsTeams togetherTeam positionsShared explorationLock speedFull tech treeHidden civsTurbo modeCheats
Victory
Defeat
🇨🇳 Franks · China
807
+15
🇨🇳 Poles · China
780
+17
🇮🇳 Turks · India
772
+17
🇨🇳 Magyars · China
771
+17
🇦🇷 Maya · Argentina
839
-18
🇬🇧 Franks · United Kingdom
827
-18
🇸🇪 Celts · Sweden
796
-17
🇫🇷 Turks · France
724
-13
ExxTACSY
0:38 Loom
11:30 Feudal Age
11:49 Feudal Age
15:53 Castle Age
14:17 Double-Bit Axe
14:25 Gold Mining
14:25 Horse Collar
15:45 Wheelbarrow
19:42 Bow Saw
21:53 Gold Mining
25:26 Imperial Age
29:35 Hand Cart
36:50 Gold Shaft Mining
菜鸟驿站
7:29 Loom
12:04 Feudal Age
17:31 Castle Age
15:48 Double-Bit Axe
24:53 Horse Collar
25:29 Bow Saw
26:49 Heavy Plow
31:48 Imperial Age
29:46 Scale Barding Armor
29:33 Fletching
29:43 Padded Archer Armor
31:02 Wheelbarrow
31:35 Chain Barding Armor
31:16 Padded Archer Armor
31:11 Bodkin Arrow
31:19 Corvinian Army
34:44 Masonry
34:56 Ballistics
35:36 Chemistry
34:42 Siege Engineers
34:33 Murder Holes
35:07 Hand Cart
34:55 Bracer
35:10 Leather Archer Armor
35:31 Plate Barding Armor
35:21 Conscription
35:17 Thumb Ring
35:36 Town Watch
37:21 Parthian Tactics
38:03 Gold Mining
38:03 Stone Mining
40:42 Gold Shaft Mining
41:04 Ring Archer Armor
41:03 Recurve Bow
40:43 Heavy Cavalry Archer
观月
0:46 Loom
12:50 Feudal Age
15:14 Wheelbarrow
14:55 Double-Bit Axe
20:10 Castle Age
18:53 Scale Barding Armor
22:01 Chain Barding Armor
23:24 Hand Cart
30:10 Forging
31:13 Gold Mining
31:14 Stone Mining
33:42 Iron Casting
35:42 Bow Saw
40:00 Imperial Age
40:12 Cavalier
40:55 Husbandry
42:03 Chemistry
ksffvbh
0:31 Loom
17:03 Feudal Age
18:50 Wheelbarrow
17:57 Horse Collar
18:05 Double-Bit Axe
21:31 Castle Age
20:54 Scale Barding Armor
21:00 Forging
21:04 Bloodlines
22:00 Stone Mining
22:03 Gold Mining
22:36 Hand Cart
22:37 Bow Saw
22:40 Heavy Plow
23:29 Stone Shaft Mining
27:26 Treadmill Crane
29:57 Chain Barding Armor
30:12 Iron Casting
29:41 Husbandry
29:02 Light Cavalry
33:47 Imperial Age
34:26 Town Watch
35:15 Crop Rotation
35:20 Conscription
35:21 Lechitic Legacy
36:04 Blast Furnace
35:57 Winged Hussar
37:29 Town Patrol
jacob.calland
11:25 Feudal Age
15:40 Castle Age
13:54 Double-Bit Axe
22:16 Scale Mail Armor
23:38 Forging
23:44 Chain Mail Armor
25:39 Loom
26:31 Wheelbarrow
31:07 Iron Casting
Wirsh
0:54 Loom
10:12 Feudal Age
11:01 Double-Bit Axe
17:11 Wheelbarrow
20:04 Castle Age
21:11 Hand Cart
21:08 Bow Saw
21:59 Horse Collar
22:11 Gold Mining
22:12 Stone Mining
23:59 Stone Shaft Mining
25:23 Gold Shaft Mining
27:04 Gambesons
26:39 Man-at-Arms
27:48 Forging
27:38 Scale Mail Armor
27:56 Long Swordsman
Silver
0:39 Loom
12:06 Feudal Age
13:17 Double-Bit Axe
17:01 Padded Archer Armor
16:52 Fletching
17:06 Horse Collar
20:18 Castle Age
20:13 Wheelbarrow
25:44 Squires
27:03 Scale Mail Armor
27:20 Pikeman
33:19 Crossbowman
34:31 Heavy Plow
38:31 Bow Saw
43:13 Imperial Age
Roman O'Cry
0:27 Loom
12:19 Feudal Age
16:48 Castle Age
19:19 Wheelbarrow
23:55 Imperial Age
21:20 Double-Bit Axe
21:37 Horse Collar
23:07 Bow Saw
24:03 Heavy Plow
24:10 Gold Mining
25:50 Gold Shaft Mining
25:11 Stone Mining
26:01 Murder Holes
27:25 Hand Cart
28:11 Treadmill Crane
30:28 Conscription
30:09 Fletching
30:20 Padded Archer Armor
30:46 Ballistics
30:37 Masonry
33:17 Bodkin Arrow
34:35 Town Watch
35:11 Hand Cart
35:49 Husbandry
36:00 Bloodlines
36:07 Scale Barding Armor
38:43 Two-Man Saw
37:59 Forging
40:05 Chain Barding Armor
40:22 Iron Casting
40:33 Bracer
Connection lost

Rejoining the realm…

Still unreachable

The connection could not be restored.

Session expired

The server has moved on; the page needs a fresh start.